 Dungeon Crawl Stone Soup version 0.24-a0-447-ge8da9206dc (webtiles) character file.

Game seed: 12710261820564461595

49 Iscandelvey the Vexing (level 3, 13/26 HPs)
             Began as a Demonspawn Arcane Marksman on June 25, 2019.
             Quit the game on level 2 of the Dungeon.
             The game lasted 00:00:47 (1191 turns).

Iscandelvey the Vexing (Demonspawn Arcane Marksman) Turns: 1191, Time: 00:00:47

Health: 13/26      AC:  2    Str: 10    XL:     3   Next: 51%
Magic:  4/4        EV: 12    Int: 15    God:
Gold:   112        SH:  0    Dex: 13    Spells: 3/4 levels left

rFire    . . .     SeeInvis .   a - +0 hunting sling
rCold    . . .     Gourm    .   (no shield)
rNeg     . . .     Faith    .   e - +0 robe
rPois    .         Spirit   .   (no helmet)
rElec    .         Reflect  .   (no cloak)
rCorr    .         Harm     .   (no gloves)
MR       .....                  (no boots)
Stlth    +.........             (no amulet)
HPRegen  0.08/turn              (no ring)
MPRegen  0.09/turn              (no ring)

@: no status effects
A: sturdy frame 1
a: no special abilities


You were on level 2 of the Dungeon.
You were hungry.

You visited 1 branch of the dungeon, and saw 2 of its levels.

You collected 112 gold pieces.

Inventory:

Hand Weapons
 a - a +0 hunting sling (weapon)
Missiles
 b - 36 stones
 d - a sling bullet (quivered)
Armour
 e - a +0 robe (worn)
Scrolls
 c - 2 scrolls of blinking {unknown}
 g - a scroll of identify {unknown}
 i - a scroll of random uselessness {unknown}
 j - a scroll of remove curse {unknown}
Potions
 h - 2 potions of curing {unknown}
 k - a potion of heal wounds {unknown}
Comestibles
 f - 3 rations


   Skills:
 + Level 1.5 Fighting
 + Level 2.9 Slings
 + Level 1.9 Dodging
 + Level 1.0 Spellcasting
 + Level 3.3 Hexes


You had 3 spell levels left.
You knew the following spells:

 Your Spells              Type           Power        Failure   Level  Hunger
a - Corona                Hex            ##.....      6%          1    ##.....

Your spell library contained the following spells:

 Spells                   Type           Power        Failure   Level  Hunger
 Slow                     Hex            ##......     10%         2    ###....
 Inner Flame              Hex/Fire       #.......     36%         3    ####...
 Portal Projectile        Hex/Tloc       #.....       36%         3    ####...
 Cause Fear               Hex            ##........   52%         4    #####..
 Leda's Liquefaction      Hex/Erth       #.........   77%         4    #####..


Dungeon Overview and Level Annotations

Branches:
Dungeon (2/15)

Altars:


Innate Abilities, Weirdness & Mutations

Your movements are slightly less encumbered by armour. (ER -2)


Message History

The gnoll hits you with a +0 flail.
A gnoll is nearby!
You are too injured to fight recklessly!
A gnoll is nearby!
You are too injured to fight recklessly!
A gnoll is nearby!
You are too injured to fight recklessly!
A gnoll is nearby!
You are too injured to fight recklessly!
A gnoll is nearby!
You are too injured to fight recklessly!
Firing (i - inventory. (/) - cycle)
d - 2 sling bullets (quivered)
Press: ? - help, Shift-Dir - straight line, f/p - gnoll
Aim: a gnoll, wielding a +0 flail (heavily wounded)
You shoot a sling bullet. The sling bullet hits the gnoll!
You kill the gnoll!
Firing (i - inventory. (/) - cycle)
d - a sling bullet (quivered)
Press: ? - help, Shift-Dir - straight line, f - you
Okay, then.
Are you sure you want to abandon this character and quit the game? (Confirm with "yes".)

##### ...# #
###.###### #
#.#........#
######
#.#.#.####.#
#.....
#.....# #.#
#.###.
##.@### #.#
#.# #. #)##
#.####.# #.
#( #......#
#. #(
######## #.
#( #. #. #.
(. ##. #.
#.† #..


There were no monsters in sight!

Vanquished Creatures
  2 adders (D:2)
  A gnoll (D:2)
  4 bats
  A giant cockroach (D:1)
  6 goblins
  3 hobgoblins
  2 frilled lizards
  3 kobolds (D:2)
  A rat (D:1)
23 creatures vanquished.

Notes
Turn   | Place    | Note
-------+----------+-------------------------------------------
     0 | D:1      | Iscandelvey the Demonspawn Arcane Marksman began the quest
                  | for the Orb.
     0 | D:1      | Reached XP level 1. HP: 15/15 MP: 2/2
   593 | D:1      | Gained mutation: Your movements are slightly less
                  | encumbered by armour. (ER -2) [demonic ancestry]
   593 | D:1      | Reached XP level 2. HP: 21/21 MP: 3/3
  1107 | D:2      | Reached XP level 3. HP: 22/26 MP: 4/4
  1191 | D:2      | Quit the game

Levels and vault maps discovered:
D:1:      scummos_arrival_hexagon, layout_loops_corners
D:2:      layout_loops_cross

Skill      XL: |  1 |
---------------+----+-----
Slings         | 2 |  2.9
Fighting       | |  1.5
Dodging        | |  1.9
Spellcasting   | |  1.0
Hexes          | |  3.3

Action                   || total
-------------------------++-------
 Fire: Hunting sling     ||    80
Armor: Robe              ||    10
Dodge: Dodged            ||    16

Table legend:
 A = Non-vault XP
 B = Vault XP
 C = Vault XP percentage of total XP
 D = Non-vault monster count
 E = Vault monster count
 F = Vault count percentage of total count
                 A         B        C        D         E       F
            +---------+---------+-------+---------+---------+-------
      Total |      70 |       0 |   0.0 |      23 |       0 |   0.0
            +---------+---------+-------+---------+---------+-------
        D:1 |      13 |       0 |   0.0 |       9 |       0 |   0.0
        D:2 |      57 |       0 |   0.0 |      14 |       0 |   0.0
            +---------+---------+-------+---------+---------+-------
